 Dungeon Crawl Stone Soup version 0.28-a0-1506-g3893175d92 (webtiles) character file.

Game seed: 8268048841878948423

2165 leviel the Cleaver (level 9, -2/79 HPs)
             Began as a Hill Orc Fighter on Jan 13, 2022.
             Was a Priest of Nemelex Xobeh.
             Succumbed to a water moccasin's poison
             ... on level 6 of the Dungeon.
             The game lasted 00:08:41 (6307 turns).

leviel the Cleaver (Hill Orc Fighter)               Turns: 6307, Time: 00:08:42

Health: -2/79      AC: 16    Str: 21    XL:     9   Next: 32%
Magic:  19/19      EV: 22    Int: 10    God:    Nemelex Xobeh [***...]
Gold:   325        SH:  0    Dex: 10    Spells: 8/8 levels left

rFire   . . .      SeeInvis .   c - +3 executioner's axe of Absolution {holy, *Rage rElec MP+9}
rCold   . . .      Faith    .   (shield currently unavailable)
rNeg    . . .      Spirit   .   h - +0 plate armour
rPois   .          Reflect  .   x - +2 hat
rElec   +          Harm     .   (no cloak)
rCorr   .          Rampage  .   (no gloves)
Will    .....      Rage     20% l - +0 pair of boots
Stlth   ..........              p - amulet of the acrobat
HPRegen 0.23/turn               f - ring of flight
MPRegen 0.16/turn               (no ring)

@: confused, lethally poisoned (-2 -> -23), marked, on berserk cooldown,
acrobatic, flying, slowed, very slow
A: no striking features
a: Renounce Religion, Draw Escape, Draw Destruction, Draw Summoning, Triple Draw


You were on level 6 of the Dungeon.
You worshipped Nemelex Xobeh.
Nemelex Xobeh was most pleased with you.
You visited 2 branches of the dungeon, and saw 7 of its levels.

You collected 325 gold pieces.

Inventory:

Hand Weapons
 a - a +0 war axe
 c - the +3 executioner's axe of Absolution (weapon) {holy, *Rage rElec MP+9}
   (You acquired it on level 3 of the Dungeon)

   It has been blessed by the Shining One to cause great damage to the undead
   and demons.
   rElec:     It insulates you from electricity.
   MP:        It affects your magic capacity (+9).
   *Rage:     It berserks you when you make melee attacks (+20% chance).
Missiles
 u - a throwing net (quivered)
 w - 6 silver javelins
Armour
 h - a +0 plate armour (worn)
 l - a +0 pair of boots (worn)
 x - a +2 hat (worn)
Jewellery
 f - a ring of flight (left hand)
 p - an amulet of the acrobat (around neck)
 y - a ring of fire {rF+ rC-}
Wands
 e - a wand of paralysis (13)
 g - a wand of iceblast (10)
 s - a wand of polymorph (11)
Scrolls
 k - 2 scrolls of fog
 m - 5 scrolls of teleportation
 n - a scroll of holy word
 o - 4 scrolls of identify {@r1}
 t - a scroll of vulnerability {unknown}
 v - a scroll of fear {unknown}
Potions
 b - a potion of brilliance {unknown}
 d - a potion of might
 i - 3 potions of curing {unknown}
 j - a potion of cancellation
 q - a potion of haste
 r - a potion of magic {unknown}


   Skills:
 + Level 7.2 Fighting
 * Level 9.7 Axes
 + Level 1.6 Throwing
 + Level 6.5 Armour
 + Level 3.3 Dodging
 - Level 4.5 Shields
 + Level 2.4 Invocations
 + Level 1.7 Evocations


You had 8 spell levels left.
You didn't know any spells.
Your spell library contained the following spells:

 Spells                   Type           Power      Damage    Failure   Level
 Beastly Appendage        Tmut           0%         N/A       100%        1
 Wereblood                Tmut           0%         N/A       100%        2
 Portal Projectile        Hex/Tloc       0%         N/A       100%        3
 Spider Form              Tmut/Pois      0%         N/A       100%        3
 Blade Hands              Tmut           0%         N/A       100%        5
 Excruciating Wounds      Necr           0%         N/A       100%        5


Dungeon Overview and Level Annotations

Branches:
Dungeon (6/15)             Temple (1/1) D:4

Altars:
Ashenzari
Cheibriados
Dithmenos
Elyvilon
Fedhas
Gozag
Hepliaklqana
Kikubaaqudgha
Makhleb
Nemelex Xobeh
Okawaru
Qazlal
Ru
Sif Muna
Trog
Uskayaw
Vehumet
Wu Jian
Xom
Yredelemnul
Zin
The Shining One

Shops:
D:2 *   D:5 :


Message History

You closely miss something. You hit the orc but do no damage.
The orc hits you with a +0 flail.
You hear some strange, mumbled words.
Something tries to affect you, but you resist.
The orc barely misses you.
The water moccasin bites you but does no damage.
Something hits you but does no damage.
You slice the water moccasin!!
The water moccasin is severely wounded.
You closely miss the orc. You closely miss something.
The water moccasin bites you.
You are poisoned.
The water moccasin poisons you! The orc hits you with a +0 flail.
You hear a zap.
Your will is overpowered!
You are confused.
The water moccasin bites you but does no damage.
The orc hits you with a +0 flail.
The water moccasin bites you but does no damage.
You hear some strange, mumbled words.
A puff of flame appears from out of thin air!
The puff of flame hits you but does no damage.
You miss the water moccasin.
The water moccasin is severely wounded.
You hit the orc. You miss something.
You feel very sick.
The water moccasin bites you but does no damage.
The orc closely misses you.
You hear some strange, mumbled words.
A magic dart appears from out of thin air!
The magic dart hits you.
* * * LOW HITPOINT WARNING * * *
The water moccasin bites you.
* * * LOW HITPOINT WARNING * * *
You are lethally poisoned!
The water moccasin poisons you! The orc hits you with a +0 flail!
* * * LOW HITPOINT WARNING * * *
The water moccasin bites you.
* * * LOW HITPOINT WARNING * * *
You die...
Your body disappears without a glow.

..... #.
.................###
##
...................
#.
.[...............###.
................#.#.
...................
#..................
#.o................
##@S.# #...........
#o.)## #......(...#
##...####.........#
#............?.####
#...........††.##
##.....#.......#
#......##.#...?...#
#.......####........#
#....#.##
............


You could see a water moccasin and 2 orcs.

Vanquished Creatures
  Pikel (D:5)
  Sigmund (D:6)
  2 steam dragons (D:6)
  Edmund (D:5)
  A water moccasin (D:6)
  A necrophage (D:6)
  A hornet zombie (D:6)
  2 sky beasts
  2 scorpions (D:5)
  A water moccasin skeleton (D:6)
  A howler monkey (D:5)
  A bullfrog zombie (D:6)
  2 hounds (D:6)
  An orc priest (D:4)
  A bullfrog skeleton (D:6)
  A centaur skeleton (D:5)
  Natasha (twice) (D:2)
  3 iguanas
  A hound skeleton (D:4)
  5 adders
  7 gnolls
  An ufetubus (D:6)
  3 worms
  3 dart slugs
  5 orcs
  6 endoplasms
  3 giant cockroaches
  8 goblins
  8 hobgoblins
  3 jackals (D:1)
  2 quokkas
  9 ball pythons
  3 bats
  A frilled lizard (D:1)
  7 kobolds
  4 rats
104 creatures vanquished.

Notes
Turn   | Place    | Note
-------+----------+-------------------------------------------
     0 | D:1      | leviel the Hill Orc Fighter began the quest for the Orb.
     0 | D:1      | Reached XP level 1. HP: 19/19 MP: 1/1
   404 | D:1      | Reached skill level 3 in Axes
   404 | D:1      | Reached XP level 2. HP: 27/27 MP: 2/2
   808 | D:1      | Found a faded altar of an unknown god.
   871 | D:1      | Prayed at the altar of an unknown god.
   871 | D:1      | Became a worshipper of Nemelex Xobeh the Trickster
   871 | D:1      | Reached * piety under Nemelex Xobeh
   871 | D:1      | Received a gift from Nemelex Xobeh
   982 | D:1      | Reached XP level 3. HP: 33/33 MP: 3/3
  1339 | D:2      | Found Poont's General Store.
  1528 | D:2      | Noticed Natasha
  1537 | D:2      | Killed Natasha
  1538 | D:2      | Reached XP level 4. HP: 16/40 MP: 4/4
  2019 | D:2      | Reached skill level 4 in Axes
  2019 | D:2      | Reached XP level 5. HP: 42/47 MP: 5/5
  2212 | D:2      | Noticed Natasha
  2222 | D:2      | Killed Natasha
  2416 | D:3      | Noticed a sky beast
  2423 | D:3      | Killed a sky beast
  2424 | D:3      | Reached XP level 6. HP: 55/55 MP: 6/6
  2548 | D:3      | Found a large runed translucent door.
  2549 | D:3      | Found a large runed translucent door.
  2767 | D:3      | Reached ** piety under Nemelex Xobeh
  2775 | D:3      | Reached skill level 5 in Fighting
  2854 | D:3      | Reached skill level 5 in Axes
  2866 | D:3      | Identified a scroll of acquirement
  2866 | D:3      | Acquired the +3 executioner's axe of Absolution {holy,
                  | *Rage rElec MP+9}
  3303 | D:3      | Found a stormy altar of Qazlal.
  3317 | D:3      | Found a snail-covered altar of Cheibriados.
  3479 | D:4      | Found a staircase to the Ecumenical Temple.
  3578 | Temple   | Entered the Ecumenical Temple
  4798 | D:5      | Entered Level 5 of the Dungeon
  4827 | D:5      | Noticed a sky beast
  4846 | D:5      | Killed a sky beast
  4847 | D:5      | Reached skill level 1 in Dodging
  4847 | D:5      | Reached XP level 7. HP: 61/61 MP: 7/7
  4866 | D:5      | Noticed Pikel
  4879 | D:5      | Killed Pikel
  4880 | D:5      | Reached skill level 7 in Axes
  4880 | D:5      | Reached skill level 5 in Armour
  4880 | D:5      | Reached XP level 8. HP: 37/70 MP: 8/8
  5304 | D:5      | Reached *** piety under Nemelex Xobeh
  5639 | D:5      | Found Gasidugh's Book Shop.
  5737 | D:5      | Noticed Edmund
  5745 | D:5      | Killed Edmund
  5746 | D:5      | Reached skill level 8 in Axes
  6066 | D:6      | Reached skill level 9 in Axes
  6066 | D:6      | Reached skill level 1 in Invocations
  6066 | D:6      | Reached skill level 1 in Evocations
  6066 | D:6      | Reached XP level 9. HP: 65/78 MP: 10/10
  6195 | D:6      | Reached skill level 1 in Throwing
  6292 | D:6      | Noticed Sigmund
  6298 | D:6      | Killed Sigmund
  6307 | D:6      | Succumbed to a water moccasin's poison

Illustrated notes

Levels and vault maps discovered:
D:1:      tarquinn_simple_flora_water_b, layout_loops_ring,
          hellmonk_ecumenical_altar_arch_garden, minmay_tree_intersection
D:2:      layout_loops_ring, serial_shops, nicolae_lakefront_shop,
          minmay_cut_off, uniq_natasha
D:3:      layout_basic, jmf_multi_god_temple2
D:4:      layout_basic, minmay_temple_entry_hall, minmay_puff
D:5:      layout_basic, serial_shops, shop_statue, uniq_edmund, uniq_pikel
D:6:      layout_cave_pools, minmay_small_thing, uniq_sigmund
Temple:   mainiacjoe_temple_cubbyholes

Skill      XL: |  1  2  3  4  5  6  7  8  9 |
---------------+----------------------------+-----
Axes           | 3 4 5 7 9 |  9.7
Fighting       | 4 5 6 7 |  7.2
Shields        | 4 |  4.5
Armour         | 4 5 6 |  6.5
Dodging        | 1 2 3 |  3.3
Invocations    | 1 2 |  2.4
Evocations     | 1 |  1.7
Throwing       | 1 |  1.6

Action                   |  1- 3 |  4- 6 |  7- 9 || total
-------------------------+-------+-------+-------++-------
Melee: War axe           |    85 |    63 |       ||   148
       Executioner's axe |       |    69 |    64 ||   133
Invok: Draw Destruction  |       |     2 |       ||     2
  Use: Scroll            |     1 |     7 |       ||     8
       Potion            |     1 |       |       ||     1
Armor: Scale mail        |    52 |    22 |       ||    74
       Plate armour      |       |    40 |    51 ||    91
Dodge: Dodged            |    42 |    62 |    35 ||   139
Block: Buckler           |    25 |    13 |       ||    38

Table legend: (Time is in decaauts)
 A = Elapsed time spent in this place.
 B = Non-inter-level travel time spent in this place.
 C = Inter-level travel time spent in this place.
 D = Time resting spent in this place.
 E = Time spent auto-exploring this place.
 F = Levels seen in this place.
 G = Mean time per level.
                   A        B        C        D        E       F      G
               +--------+--------+--------+--------+--------+-----+--------+
         Total |   6572 |   6187 |    385 |    664 |   4557 |   7 |  938.9 |
       Dungeon |   6229 |   5898 |    331 |    664 |   4268 |   6 | 1038.2 |
        Temple |    342 |    289 |     53 |      0 |    289 |   1 |  342.0 |
               +--------+--------+--------+--------+--------+-----+--------+

Top non-repeatable levels by time:
     D:1: 1318 daAuts
     D:5: 1211 daAuts
     D:4: 1185 daAuts
     D:2: 1136 daAuts
     D:3: 961 daAuts
     D:6: 416 daAuts
  Temple: 342 daAuts
